woodfighter, neutral female human Healer ------------- ------ -------- |............# |.....######## |....... |...........|# |....| --......| |...........|# |...*.# |.......| -------------# |....|# |.......- # ---.--# |.......| # # # -.-----.- # ### # # ## # # # `#####[`####`## # # ### #)# ############ # # #%---.-------#Mr ## # ##[..........| @ # #----.--- # |.........| #)#### #|......|### |.....<...| #---+-------.- #|......-# ----------- #|...........| #|......| #|...........| #...>...| #............ -------- ---------- woodfighter the Embalmer Experience level: 6 Strength: 10 Dexterity: 12 Constitution: 13 Intelligence: 11 Wisdom: 15 Charisma: 16 Health: 0(44) Energy: 41(58) Def: 2 Gold: 1875 Moves: 2862 Dungeon seed: TOTTcl19nkt0jcUg Game ID: woodfighter_1507499822 Your Inventory: Coins $ - 1875 gold pieces Weapons a - a +0 scalpel (weapon in hand) y - 11 blessed +3 darts (in quiver) N - 9 +0 darts Armor e - an uncursed +1 pair of leather gloves (being worn) n - a cursed +0 dwarvish cloak Comestibles k - 6 blessed eucalyptus leaves l - 2 blessed sprigs of wolfsbane m - a blessed clove of garlic o - 5 uncursed apples q - 3 uncursed food rations v - an uncursed carrot w - 2 uncursed sprigs of wolfsbane I - an uncursed magic bean O - 2 uncursed lembas wafers Scrolls p - an uncursed scroll of confuse monster s - an uncursed scroll of remove curse D - an uncursed scroll of magic mapping E - an uncursed scroll of enchant weapon F - a cursed scroll of water J - an uncursed scroll of scare monster Spellbooks h - a blessed spellbook of healing i - a blessed spellbook of extra healing j - a blessed spellbook of stone to flesh Potions c - 4 uncursed potions of healing d - 3 uncursed potions of extra healing f - a blessed potion of extra healing B - a cursed potion of acid G - an uncursed potion of restore ability H - an uncursed potion of enlightenment L - an uncursed potion of speed P - an uncursed potion of water Wands g - a wand of sleep (0:7) x - a wand of striking (0:6) A - a wand of enlightenment (0:13) Tools b - an uncursed stethoscope M - an uncursed blindfold Spells and supernatural/magical abilities: Name Level Category Fail Memory h - healing 1 healing 0% 86% x - extra healing 3 healing 14% 86% S - stone to flesh 3 healing 30% 86% W - pray for help -- divine ? -- Your skills at the end: Miscellaneous Skills wands [Basic] Weapon Skills knife [Basic] Spellcasting Skills healing spells [Basic] Final Attributes: You were devoutly aligned. You were poison resistant. You were a wererat. You are dead. Vanquished creatures: a dwarf lord a rock mole a gnomish wizard a gray ooze a homunculus a kobold lord an iguana 11 hill orcs an acid blob 2 large kobolds 2 geckos a hobgoblin a giant rat 4 cave spiders a yellow mold 2 jackals 4 foxes 8 newts 2 goblins 2 sewer rats a grid bug 2 lichens 2 kobold zombies 53 creatures vanquished. Voluntary challenges: You did not adorn yourself with jewelry or accessories. You did not cause conflict. You were not invisible. You did not have reflection. You were not displaced. You used a wielded weapon 200 times, starting on turn 3. You did not apply a unicorn horn. You did not use plumbed fixtures. You did not drink any magical draughts. You were illiterate. You never genocided any monsters. You never polymorphed an object. You never changed form. You used no wishes. You never split a pudding. You never wrote Elbereth's name. You never violated your personal moral code. Dungeon overview: The Dungeons of Doom: levels 1 to 8 Level 1 some fountains a long staircase Level 2 a potion shop, an altar to Hermes, a fountain Level 3 a fountain stairs to The Gnomish Mines Level 4 (boxes) Level 5 Level 6 a sink Level 7 <- You were here Level 8 The Gnomish Mines: Level 4 stairs to The Dungeons of Doom History has recorded: On T:1 you entered the Dungeons of Doom to retrieve the Amulet of Yendor! On T:148 you reached level 2 of The Dungeons of Doom. On T:353 you reached level 3 of The Dungeons of Doom. On T:638 you advanced to experience level 2. On T:924 you reached level 1 of The Gnomish Mines. On T:956 you reached level 4 of The Dungeons of Doom. On T:1091 you advanced to experience level 3. On T:1112 you prayed to Hermes. On T:1333 you reached level 5 of The Dungeons of Doom. On T:1704 you reached level 6 of The Dungeons of Doom. On T:1909 you advanced to experience level 4. On T:2294 you reached level 7 of The Dungeons of Doom. On T:2410 you advanced to experience level 5. On T:2453 you prayed to Hermes. On T:2683 you reached level 8 of The Dungeons of Doom. On T:2821 you advanced to experience level 6. On T:2862 you prayed to Hermes. Score breakdown: Gold: 827 ( 82 points) Experience: 6 levels ( 500 points) Exploration: 8 levels ( 210 points) Discoveries: 17 items ( 850 points) Variety of kills: 23 monsters ( 1150 points) Major goal: (nothing yet) ( 0 points) Survival: died (score multiplied by 3) Total score: 8376 Latest messages: The dwarf mummy scratches you! The wererat summons help! You feel hemmed in. The wererat bites! You feel feverish. The dwarf mummy scratches you! You feel better. The wererat bites! The dwarf mummy scratches you! You hack the dwarf mummy. The dwarf mummy is moderately wounded. The wererat bites! You slash the dwarf mummy. The dwarf mummy is moderately wounded. The wererat bites! The dwarf mummy scratches you! The wererat bites! The dwarf mummy scratches you! You slash the wererat. The wererat is lightly wounded. The wererat bites! The dwarf mummy scratches you! You begin praying to Hermes. The wererat bites! The dwarf mummy scratches you! You die... Final status: Goodbye woodfighter the Healer, killed by a dwarf mummy, while praying... You died in The Dungeons of Doom on dungeon level 7 with 8376 points, and 1875 pieces of gold, after 2862 moves. You were level 6 with a maximum of 44 hit points when you died.